 Dungeon Crawl Stone Soup version 0.28-a0-998-gb9e9c7b67e (webtiles) character file.

Game seed: 1855982006204175535

4 tilp the Chiller (level 1, -2/7 HPs)
             Began as a Felid Ice Elementalist on Dec 5, 2021.
             Killed from afar by a dart slug (5 damage)
             ... with a slug dart
             ... on level 2 of the Dungeon.
             The game lasted 00:00:22 (421 turns).

tilp the Chiller (Felid Ice Elementalist)            Turns: 421, Time: 00:00:23

Health: -2/7       AC:  1    Str:  4    XL:     1   Next: 50%
Magic:  2/4        EV: 17    Int: 16    God:
Gold:   12         SH:  0    Dex: 16    Spells: 3/4 levels left
                                        Lives:  0   Deaths: 0

rFire   . . .      SeeInvis +     - Unarmed
rCold   . . .      Faith    .   (shield unavailable)
rNeg    . . .      Spirit   .   (armour unavailable)
rPois   .          Reflect  .   (helmet unavailable)
rElec   .          Harm     .   (cloak unavailable)
rCorr   .          Rampage  .   (gloves unavailable)
Will    .....                   (boots unavailable)
Stlth   ++........              (no amulet)
HPRegen 0.02/turn               (no ring)
MPRegen 0.09/turn               (no ring)

@: quick
A: very small, claws 1, fangs 3, see invisible, speed 1, shaggy fur 1, stealthy
paws, no weapons or thrown items, no armour, multi-lived
a: no special abilities


You were on level 2 of the Dungeon.
You visited 1 branch of the dungeon, and saw 2 of its levels.

You collected 12 gold pieces.

You aren't carrying anything.


   Skills:
 - Level 2.6 Dodging
 - Level 2.6 Stealth
 + Level 1.1 Unarmed Combat
 - Level 2.0 Spellcasting
 - Level 3.6 Ice Magic


You had 3 spell levels left.
You knew the following spells:

 Your Spells              Type           Power      Damage    Failure   Level
a - Freeze                Ice            52%        1d7       4%          1

Your spell library contained the following spells:

 Spells                   Type           Power      Damage    Failure   Level
 Frozen Ramparts          Ice            26%        1d4       14%         3
 Ozocubu's Armour         Ice            13%        N/A       14%         3
 Ensorcelled Hibernation  Hex/Ice        14%        N/A       16%         2
 Tukima's Dance           Hex            1%         N/A       52%         3
 Hailstorm                Conj/Ice       7%         3d4       69%         4


Dungeon Overview and Level Annotations

Branches:
Dungeon (1/15)

Altars:

Annotations:
D:2 Natasha


Innate Abilities, Weirdness & Mutations

You have sharp claws.
You have razor-sharp teeth.
You have supernaturally acute eyesight. (SInv)
You cover ground quickly. (Speed+)
You are covered in fur. (AC +1)
Your paws help you pounce on unaware monsters.
You are incapable of wielding weapons or throwing items.
You cannot wear armour.
You gain extra lives every three experience levels.


Message History

Moving in this stuff is going to be slow.
You enter the shallow water.
Moving in this stuff is going to be slow.
You enter the shallow water.
Moving in this stuff is going to be slow.
You now have 12 gold pieces.
Found a hand axe.
A sudden malevolence fills the Dungeon...
You fall into a shaft and drop 1 floor!
The shaft crumbles and collapses.
An endoplasm, a hobgoblin and Natasha come into view.
The hobgoblin shouts!
Found 24 bolts.
A ball python comes into view.
The ball python moves out of view.
Found 6 gold pieces.
The hobgoblin hits you.
Ouch! That really hurt!
A dart slug comes into view.
Casting: Freeze (safe; 4% risk of failure)
Confirm with . or Enter, or press ? or * to list all spells.
Aiming: Freeze (safe; 4% risk of failure)
Press: ? - help, Shift-Dir - straight line, f - hobgoblin
Aim: a hobgoblin You freeze the hobgoblin.
The hobgoblin is severely wounded.
The hobgoblin misses you.
Unknown command.
Casting: Freeze (safe; 4% risk of failure)
Confirm with . or Enter, or press ? or * to list all spells.
Aiming: Freeze (safe; 4% risk of failure)
Press: ? - help, Shift-Dir - straight line, f/p - hobgoblin
Aim: a hobgoblin (severely wounded)
You freeze the hobgoblin.
The hobgoblin is almost dead.
The hobgoblin misses you. The dart slug launches a dart at you.
The slug dart hits you.
Ouch! That really hurt!
You die...

#♣..♣ h. ♣♣.
PP♣..♣♣♣ .♣♣♣..
♣..PP♣..♣....P ♣
♣P♣..♣.♣P♣♣.♣♣
♣.♣♣♣P.♣♣.P.8P♣.♣..
♣..PPP.♣......PP.P
♣.P♣...8.⌠.8.♣♣
♣.gP......(..P♣
♣@.♣♣P.P8...♣.♣
#.....♣.P♣♣♣.P♣♣♣.P.
+#..♣....♣ .♣..P. ..
♣. ♣♣♣..♣ ♣ ♣♣.♣ . ♣
♣.♣♣ .♣ §w$ . §♣♣ #


You could see a dart slug and a hobgoblin.

Vanquished Creatures
  2 jackals (D:1)
  A frilled lizard (D:1)
  A rat (D:1)
4 creatures vanquished.

Vanquished Creatures (others)
  A plant (D:2)
1 creature vanquished.

Grand Total: 5 creatures vanquished

Notes
Turn   | Place    | Note
-------+----------+-------------------------------------------
     0 | D:1      | tilp the Felid Ice Elementalist began the quest for the
                  | Orb.
     0 | D:1      | Reached XP level 1. HP: 7/7 MP: 4/4
    87 | D:1      | Reached skill level 1 in Unarmed Combat
   406 | D:1      | You fall into a shaft and drop 1 floor!
   406 | D:2      | Noticed Natasha
   421 | D:2      | Killed from afar by a dart slug

Illustrated notes

Levels and vault maps discovered:
D:1:      minmay_arrival_up_and_down, layout_loops_cross, fountainhead,
          serial_bayou_ford_a, solitary_fountain
D:2:      wad_woods_tower, layout_rooms, grunt_decor_mini_mirrors, uniq_natasha

Skill      XL: |  1 |
---------------+----+-----
Unarmed Combat | 1 |  1.1
Dodging        | |  2.6
Stealth        | |  2.6
Spellcasting   | |  2.0
Ice Magic      | |  3.6

Action                   || total
-------------------------++-------
Melee: Unarmed           ||     3
 Cast: Freeze            ||     7
Dodge: Dodged            ||     7

Table legend: (Time is in decaauts)
 A = Elapsed time spent in this place.
 B = Non-inter-level travel time spent in this place.
 C = Inter-level travel time spent in this place.
 D = Time resting spent in this place.
 E = Time spent auto-exploring this place.
 F = Levels seen in this place.
 G = Mean time per level.
                   A        B        C        D        E       F      G
               +--------+--------+--------+--------+--------+-----+--------+
         Total |    401 |    401 |      0 |    274 |     99 |   2 |  200.5 |
       Dungeon |    401 |    401 |      0 |    274 |     99 |   2 |  200.5 |
               +--------+--------+--------+--------+--------+-----+--------+

Top non-repeatable levels by time:
     D:1: 388 daAuts
     D:2: 13 daAuts
